AoeStats
← Zivio

Hideout

508947568Analyzed
1v1 RM · 7d ago on Sep 24, 2026· 51m 46s· 2 players
Game mode
Random Map
Map size
Tiny (2 player)
Population
200
Speed
Normal
Resources
Standard
Victory
Conquest
Starting age
Dark Age
Ending age
Imperial Age
RankedLock teamsTeams togetherTeam positionsShared explorationLock speedFull tech treeHidden civsTurbo modeCheats
Victory
Defeat
🇺🇸 Mongols · United States
923
+14
🇩🇪 Spanish · Germany
878
-14
Solomo
5:31 Loom
10:36 Feudal Age
12:09 Man-at-Arms
13:35 Double-Bit Axe
14:17 Scale Mail Armor
20:34 Horse Collar
24:47 Wheelbarrow
27:06 Castle Age
27:38 Elite Skirmisher
30:25 Hand Cart
31:01 Gold Mining
32:04 Padded Archer Armor
35:10 Imperial Age
33:46 Bow Saw
33:43 Town Watch
39:56 Two-Man Saw
39:23 Heavy Plow
39:27 Squires
39:12 Gambesons
40:24 Conscription
41:10 Murder Holes
42:16 Chemistry
42:06 Ballistics
41:40 Fletching
41:35 Pikeman
46:39 Thumb Ring
46:23 Halberdier
48:26 Leather Archer Armor
48:22 Forging
48:07 Bodkin Arrow
48:31 Chain Mail Armor
51:27 Iron Casting
51:23 Ring Archer Armor
50:54 Bracer
51:10 Masonry
Zivio
8:45 Feudal Age
7:02 Loom
9:53 Double-Bit Axe
10:07 Horse Collar
16:55 Scale Barding Armor
17:01 Forging
17:33 Gold Mining
21:12 Castle Age
19:41 Stone Mining
21:49 Fletching
23:08 Crossbowman
24:35 Bodkin Arrow
31:06 Wheelbarrow
31:34 Bow Saw
33:43 Masonry
34:42 Hand Cart
36:26 Thumb Ring
36:32 Heavy Plow
39:45 Imperial Age
38:06 Husbandry
38:17 Bloodlines
37:28 Light Cavalry
39:53 Elite Mangudai
39:57 Hussar
41:06 Conscription
41:08 Drill
40:57 Bracer
40:58 Padded Archer Armor
41:18 Chain Barding Armor
41:34 Iron Casting
42:34 Leather Archer Armor
43:10 Ballistics
43:51 Chemistry
43:26 Capped Ram
44:18 Siege Ram
Connection lost

Rejoining the realm…

Still unreachable

The connection could not be restored.

Session expired

The server has moved on; the page needs a fresh start.